 Dungeon Crawl Stone Soup version 0.31-a0-819-gf6de2f5ab6 (webtiles) character file.

Game seed: 4442439357221033211

256236 rjrrt the Executioner (level 19, 0/184 (190) HPs)
             Began as a Minotaur Berserker on Sept 22, 2023.
             Was a High Priest of Trog.
             Slain by an ironbound thunderhulk
             ... wielding a +1 dire flail of draining
              (9 damage)
             ... on level 1 of the Vaults on Sept 24, 2023.
             The game lasted 01:29:25 (34174 turns).

rjrrt the Executioner (Minotaur Berserker)         Turns: 34174, Time: 01:29:26

HP:   0/184 (190)   AC: 27    Str: 36    XL:     19   Next: 6%
MP:   18/18         EV: 17    Int:  4    God:    Trog [*****.]
Gold: 2043          SH:  5    Dex: 15    Spells: 18/18 levels left

rFire   + . .        a - +2 executioner's axe (drain)
rCold   . . .        (shield currently unavailable)
rNeg    + . .        T - +2 plate armour {rPois}
rPois   +            x - +2 hat
rElec   +            y - +0 cloak
rCorr   +            V - +0 pair of gloves {Dex+3}
SInv    +            W - +0 pair of boots
Will    +....        v - amulet of reflection Stlth
                     Q - ring "Ezav Vuexzo" {+Blink rF+ Str+8 SInv Stlth-}
HPRegen 0.50/turn    s - ring of Xom's Recklessness {rElec rN+ rCorr}
MPRegen 0.16/turn

%: reflection
@: about to teleport, studying Axes, lightly drained
A: horns 2, retaliatory headbutt, wild magic 1
}: 2/15 runes: serpentine, barnacled
a: Renounce Religion, Evoke Blink, Berserk, Trog's Hand, Brothers in Arms


You were on level 1 of the Vaults.
You worshipped Trog.
Trog was extremely pleased with you.
You visited 6 branches of the dungeon, and saw 31 of its levels.
You visited the Abyss 1 time.
You also visited: Sewer, Bailey, Gauntlet, Ice Cave and Volcano.

You collected 3579 gold pieces.
You spent 1536 gold pieces at shops.

Inventory:

Hand Weapons
 a - a +2 executioner's axe of draining (weapon)
 b - a +4 trident of draining
 f - a +2 battleaxe of flaming
 m - a +2 antimagic executioner's axe
Missiles
 p - 8 throwing nets
 I - 18 javelins
 P - 57 boomerangs (quivered)
 X - 7 silver javelins
Armour
 x - a +2 hat (worn)
 y - a +0 cloak (worn)
 T - a +2 plate armour of poison resistance (worn)
 V - a +0 pair of gloves of dexterity (worn)
 W - a +0 pair of boots (worn)
Jewellery
 g - an amulet of the acrobat
 i - an amulet of regeneration
 s - the ring of Xom's Recklessness (right hand) {rElec rN+ rCorr}
   (You found it in a bailey)

   [ring of positive energy]

   rElec:     It insulates you from electricity.
   rN+:       It protects you from negative energy.
   rCorr:     It protects you from acid and corrosion.
 t - a ring of protection from cold
 v - an amulet of reflection (around neck)
 H - a ring of willpower
 Q - the ring "Ezav Vuexzo" (left hand) {+Blink rF+ Str+8 SInv Stlth-}
   (You took it off an efreet on level 13 of the Dungeon)

   [ring of protection from fire]

   Str+8:     It affects your strength (+8).
   rF+:       It protects you from fire.
   SInv:      It lets you see invisible.
   +Blink:    It lets you blink.
   Stlth-:    It makes you less stealthy.
 S - a ring of flight
 U - the ring of the Scarab {rPois Dex+6 Stlth+}
   (You took it off a boggart on level 13 of the Dungeon)

   [ring of dexterity]

   Dex+6:     It affects your dexterity (+6).
   rPois:     It protects you from poison Stlth+: It makes you more stealthy.
Wands
 r - a wand of mindburst (24)
 z - a wand of acid (31)
 J - a wand of roots (21)
 L - a wand of charming (6)
 O - a wand of flame (14)
 R - a wand of polymorph (12)
Scrolls
 c - 6 scrolls of revelation
 j - a scroll of blinking
 k - 4 scrolls of fog
 o - 12 scrolls of fear
 u - 4 scrolls of enchant weapon
 w - 6 scrolls of teleportation
 A - 5 scrolls of immolation
 E - 2 scrolls of butterflies
 F - a scroll of brand weapon
 Y - 3 scrolls of enchant armour
Potions
 d - 4 potions of enlightenment
 e - 2 potions of ambrosia
 h - 3 potions of invisibility
 l - 10 potions of attraction
 n - 2 potions of cancellation
 q - 2 potions of might
 B - 8 potions of curing
 C - 6 potions of haste
 D - 4 potions of mutation
 G - a potion of resistance
 K - 2 potions of berserk rage
 M - 7 potions of lignification
 N - 4 potions of heal wounds


   Skills:
 * Level 21.4 Fighting
 + Level 25.8 Axes
 - Level 6.0 Throwing
 + Level 18.4 Armour
 + Level 16.8 Dodging
 + Level 9.9 Evocations


You had 18 spell levels left.
You didn't know any spells.
Your spell library was empty.

Dungeon Overview and Level Annotations

Branches:
Dungeon (15/15)            Temple (0/1) D:6            Lair (5/5) D:11
 Shoals (4/4) Lair:2        Snake (4/4) Lair:3        Slime (0/5) Lair:4
    Orc (2/2) D:12            Elf (0/3) Orc:2        Vaults (1/5) D:14
 Depths (0/4) D:15          Sewer (visited)          Bailey (visited)
  IceCv (visited)         Volcano (visited)         Gauntlet (visited)

Altars:
Elyvilon
Gozag
Makhleb
Nemelex Xobeh
Qazlal
Trog
Yredelemnul
Jiyva

Shops:
D:12 **   D:15 *   Orc:2 *[:(   Shoals:2 !   Snake:1 =*[

Annotations:
D:12 2 transporters
Shoals:4 Roxanne


Innate Abilities, Weirdness & Mutations

You have a pair of horns on your head.
You reflexively headbutt those who attack you in melee.
Your spells are a little harder to cast, but a little more powerful.


Message History

The ironbound thunderhulk blinks!
You are too injured to fight recklessly!
Unknown command.
You are too injured to fight recklessly!
The formless jellyfish stings you!
You suddenly lose the ability to move!
The formless jellyfish grabs you. The formless jellyfish constricts you.
The ironbound convoker casts a spell at the formless jellyfish.
The formless jellyfish seems to grow stronger.
You can move again.
Things that are here:
a +0 flail; a +2 scale mail of fire resistance Unknown command.
Unknown command.
You are too injured to fight recklessly!
As you read the scroll of teleportation, it crumbles to dust.
You feel strangely unstable. The formless jellyfish stings you!
The formless jellyfish constricts you.
The ironbound convoker begins to recite a word of recall!
Electricity crackles from the ironbound thunderhulk's apparatus.
The bolt of lightning hits you. You resist.
* * * LOW HITPOINT WARNING * * *
You escape the formless jellyfish's grasp.
The ironbound convoker gestures at the ironbound convoker while chanting.
The ironbound convoker seems to grow stronger.
Electricity crackles from the ironbound thunderhulk's apparatus.
The bolt of lightning hits you! You resist.
* * * LOW HITPOINT WARNING * * *
The ironbound thunderhulk misses you. You furiously retaliate!
You headbutt the ironbound thunderhulk!
The formless jellyfish shimmers eerily.
The formless jellyfish blinks!
You slash the ironbound thunderhulk! You headbutt the ironbound thunderhulk.
The ironbound thunderhulk is severely wounded.
Unknown command.
You slash the ironbound thunderhulk! You drain the ironbound thunderhulk.
The ironbound thunderhulk is almost dead.
The ironbound thunderhulk hits you with a +1 dire flail of draining!!!
* * * LOW HITPOINT WARNING * * *
You partially resist.
You feel drained.
You die...

.## #.........# ..# ###########
#####Z. #. # #$..... #. # #######
#. #
###########'#####################
............O....................
...............!.................
................@...J............
.............[.)O................
....##########p############'#####
....# #.p# #....... ....# #..#
#....... ....# .##. #....... .. p
#....... .## ## #....... ..
#.......


You could see a formless jellyfish (strong), 2 ironbound thunderhulks and 2
ironbound convokers.

Vanquished Creatures
  Jorgrun (Orc:2)
  The ghost of bahustanut the Bludgeoner, an adept FoFi of Elyvilon (Lair:5)
  Polyphemus (Shoals:3)
  The ghost of Shayle the Warrior, a journeyman OgHs of Kikubaaqudgha (Shoals:1)
  Donald (Shoals:2)
  3 nagarajas (Snake:4)
  A frost giant (IceCv)
  2 orc warlords
  5 ironbound preservers (Vaults:1)
  2 very ugly things
  An ironbound thunderhulk (Vaults:1)
  5 dire elephants (Vaults:1)
  A crystal guardian (Vaults:1)
  7 merfolk impalers
  A merfolk javelineer (Shoals:4)
  2 rakshasas
  A fire dragon (D:13)
  A vault guard (D:14)
  Harold (D:10)
  An entropy weaver (Vaults:1)
  2 great orbs of eyes
  9 hydras
  2 salamander tyrants (Snake:4)
  A peacekeeper (Vaults:1)
  Erica (D:8)
  3 ironbound frosthearts (Vaults:1)
  Erolcha (Orc:1)
  3 catoblepae
  7 anacondas
  3 merfolk avatars
  A dancing weapon (Volcano)
  5 boulder beetles
  3 merfolk aquamancers
  3 two-headed ogres
  4 centaur warriors
  2 alligator snapping turtles
  25 death yaks
  15 naga warriors
  4 orc high priests (Orc:2)
  11 naga sharpshooters
  4 shock serpents
  A deep troll shaman (Lair:5)
  2 tengu warriors
  Nergalle (Orc:1)
  2 wretched stars (Gauntlet)
  2 skysharks
  Amaemon (D:8)
  5 salamander mystics
  6 sea snakes
  Lodul (D:13)
  A death drake (Gauntlet)
  17 deep trolls (Vaults:1)
  3 ironbound convokers (Vaults:1)
  A spectral wolf spider (Gauntlet)
  11 naga ritualists
  5 orc knights
  Pikel (D:8)
  2 necromancers (D:14)
  6 wizards
  20 harpies
  A harpy (shapeshifter) (D:15)
  16 ugly things
  4 orc sorcerers
  9 fauns
  11 salamanders
  A wolf spider (D:15)
  A spectral centaur (Gauntlet)
  10 cyclopes
  12 manticores
  2 moths of wrath (Shoals:1)
  14 mana vipers
  An oklob plant (Lair:2)
  Maurice (D:13)
  5 toenail golems (Volcano)
  An ice statue (IceCv)
  A centaur zombie (Gauntlet)
  3 elephants (Lair:5)
  An orange demon (D:8)
  3 guardian serpents
  4 merfolk sirens
  4 water nymphs
  24 black mambas
  A black mamba (shapeshifter) (D:13)
  20 naga magi
  2 vault sentinels (Vaults:1)
  A gargoyle (D:14)
  16 cane toads
  10 rime drakes
  An efreet (D:13)
  An unseen horror (D:12)
  3 kobold demonologists
  13 komodo dragons
  Jeremiah (D:7)
  3 tengu conjurers
  8 polar bears
  29 merfolk
  2 wind drakes
  2 hornets
  8 trolls
  A wolf spider simulacrum (D:14)
  Prince Ribbit (D:7)
  3 snapping turtles (Shoals:2)
  A snapping turtle (shapeshifter) (D:15)
  Grinder (D:3)
  13 dream sheep
  18 blink frogs
  2 centaur simulacra (Gauntlet)
  8 water elementals
  2 vampires
  A shadow (D:10)
  12 slime creatures
  21 humans (D:14)
  2 wyverns
  3 neqoxecs (Gauntlet)
  41 yaks
  3 basilisks
  A hog (shapeshifter) (D:13)
  3 redbacks (Vaults:1)
  Eustachio (D:6)
  A redback (shapeshifter) (D:14)
  35 nagas
  12 vampire mosquitoes
  A warg (Orc:1)
  Menkaure (D:7)
  2 acid dragons
  14 water moccasins
  Duvessa (D:6)
  7 ice beasts (D:11)
  3 black bears
  38 orc warriors
  4 boggarts
  9 ogres
  29 wolves
  8 centaurs
  A lemure (D:8)
  2 phantoms
  A kobold brigand (D:7)
  14 bullfrogs
  3 scorpions
  A cane toad simulacrum (Gauntlet)
  16 wights
  Dowan (D:6)
  4 killer bees (D:9)
  An electric eel (Lair:5)
  23 orc priests
  Crazy Yiuf (D:4)
  5 hounds
  6 jellies
  4 iguanas
  Ijyb (D:3)
  Natasha (thrice) (D:2)
  Terence (D:3)
  31 orc wizards
  7 hell rats (Lair:2)
  3 small abominations (Gauntlet)
  13 gnolls
  5 adders
  A river rat (Sewer)
  A white imp (D:6)
  2 ufetubi
  5 worms
  3 dart slugs
  88 orcs
  5 bats
  18 endoplasms
  10 giant cockroaches
  13 goblins
  10 hobgoblins
  3 jackals (D:2)
  6 quokkas
  12 ball pythons
  4 frilled lizards
  33 kobolds
  7 rats
  3 tentacles (Shoals:3)
1160 creatures vanquished.

Vanquished Creatures (collateral kills)
  A kraken (Shoals:3)
  An orc warlord (Bailey)
  A minotaur (Gauntlet)
  3 merfolk impalers (Shoals:1)
  An ironbound frostheart (Vaults:1)
  A merfolk avatar (Shoals:3)
  An anaconda (Snake:4)
  A naga warrior (Snake:4)
  3 naga sharpshooters
  A naga ritualist (Snake:3)
  A sea snake (Shoals:3)
  2 harpies
  A manticore (Shoals:4)
  A merfolk siren (Shoals:2)
  2 naga magi (Snake:4)
  7 merfolk
  A hornet (D:9)
  2 snapping turtles (Shoals:2)
  2 nagas (Snake:4)
  A centaur (D:9)
  A gnoll sergeant (D:9)
  2 gnolls (D:9)
  A tentacle (Shoals:3)
38 creatures vanquished.

Vanquished Creatures (others)
  A salamander mystic (Snake:4)
  A water nymph (Shoals:3)
  A naga (Snake:4)
  An electric eel (Lair:2)
  An orc wizard (D:4)
  2 tentacles (Shoals:3)
7 creatures vanquished.

Grand Total: 1205 creatures vanquished

Notes
Turn   | Place    | Note
-------+----------+-------------------------------------------
     0 | D:1      | rjrrt the Minotaur Berserker began the quest for the Orb.
     0 | D:1      | Reached XP level 1. HP: 19/19 MP: 0/0
    43 | D:1      | Reached skill level 4 in Axes
   126 | D:1      | Reached XP level 2. HP: 6/26 MP: 1/1
   450 | D:1      | Reached skill level 5 in Axes
   471 | D:1      | Reached ** piety under Trog
   669 | D:1      | Reached XP level 3. HP: 31/31 MP: 2/2
  1257 | D:2      | Noticed Natasha
  1270 | D:2      | Reached skill level 6 in Axes
  1270 | D:2      | Reached XP level 4. HP: 39/39 MP: 3/3
  1270 | D:2      | Killed Natasha
  1394 | D:2      | Noticed Natasha
  1400 | D:2      | Killed Natasha
  1415 | D:2      | Noticed Natasha
  1423 | D:2      | Killed Natasha
  1424 | D:2      | Reached skill level 7 in Axes
  1424 | D:2      | Reached XP level 5. HP: 39/45 MP: 4/4
  1499 | D:3      | Noticed Terence
  1507 | D:3      | Killed Terence
  1652 | D:3      | Reached skill level 8 in Axes
  1697 | D:3      | Reached *** piety under Trog
  1704 | D:3      | Found a stormy altar of Qazlal.
  1834 | D:3      | Noticed Grinder
  1838 | D:3      | Killed Grinder
  1839 | D:3      | Reached skill level 9 in Axes
  1839 | D:3      | Reached XP level 6. HP: 51/51 MP: 5/5
  1904 | D:3      | Noticed Ijyb
  1910 | D:3      | Killed Ijyb
  2021 | D:3      | Reached XP level 7. HP: 57/57 MP: 6/6
  2180 | D:3      | Reached skill level 10 in Axes
  2561 | D:4      | Reached skill level 11 in Axes
  2696 | D:4      | Reached XP level 8. HP: 32/64 MP: 7/7
  2723 | D:4      | Reached skill level 12 in Axes
  2917 | D:4      | Found a runed translucent door.
  2918 | D:4      | Noticed Crazy Yiuf
  2923 | D:4      | Killed Crazy Yiuf
  3261 | D:5      | Entered Level 5 of the Dungeon
  3632 | D:5      | Found a runed translucent door.
  3708 | D:5      | Reached **** piety under Trog
  3729 | D:5      | Reached skill level 13 in Axes
  4101 | D:6      | Noticed Eustachio
  4107 | D:6      | Found a staircase to the Ecumenical Temple.
  4118 | D:6      | Killed Eustachio
  4148 | D:6      | Found a glowing drain.
  4169 | Sewer    | Entered a sewer
  4314 | Sewer    | Reached XP level 9. HP: 72/73 MP: 8/8
  4343 | Sewer    | Found a viscous altar of Jiyva.
  4533 | D:6      | Reached skill level 5 in Fighting
  4578 | D:6      | Noticed Duvessa
  4578 | D:6      | Noticed Dowan
  4582 | D:6      | Killed Duvessa
  4591 | D:6      | Killed Dowan
  4677 | D:6      | Found a burning altar of Makhleb.
  4697 | D:6      | Found a basalt altar of Yredelemnul.
  5109 | D:7      | Reached ***** piety under Trog
  5110 | D:7      | Reached skill level 5 in Armour
  5134 | D:7      | Found a flagged portal.
  5143 | Bailey   | Entered a bailey
  5167 | Bailey   | Noticed an orc warlord
  5321 | Bailey   | Found a runed translucent gate.
  5324 | Bailey   | Found a runed translucent gate.
  5325 | Bailey   | Found a runed translucent gate.
  5391 | Bailey   | Reached skill level 5 in Dodging
  5458 | Bailey   | Killed an orc warlord
  5459 | Bailey   | Reached skill level 14 in Axes
  5477 | Bailey   | Identified the ring of Xom's Recklessness {rElec rN+ rCorr}
  5520 | Bailey   | Acquired a manual of Axes
  5540 | D:7      | Reached XP level 10. HP: 75/86 MP: 9/9
  5541 | D:7      | Noticed Menkaure
  5549 | D:7      | Killed Menkaure
  5598 | D:7      | Noticed Prince Ribbit
  5603 | D:7      | Killed Prince Ribbit
  5685 | D:7      | Noticed Jeremiah
  5693 | D:7      | Killed Jeremiah
  6081 | D:8      | Noticed Amaemon
  6081 | D:8      | Noticed an orange demon
  6095 | D:8      | Killed Amaemon
  6104 | D:8      | Killed an orange demon
  6105 | D:8      | Reached skill level 15 in Axes
  6261 | D:8      | Noticed Pikel
  6272 | D:8      | Killed Pikel
  6273 | D:8      | Reached skill level 1 in Throwing
  6374 | D:8      | Noticed Erica
  6382 | D:8      | Killed Erica
  6383 | D:8      | Reached skill level 1 in Evocations
  6671 | D:8      | Paralysed by a hornet for 2 turns
  6788 | D:9      | Upgraded the game from 0.31-a0-818-ge7c7cf74f0 to
                  | 0.31-a0-819-gf6de2f5ab6
  6937 | D:9      | Paralysed by a hornet for 2 turns
  6942 | D:9      | Reached XP level 11. HP: 69/95 MP: 10/10
  7053 | D:9      | Noticed a two-headed ogre
  7062 | D:9      | Killed a two-headed ogre
  7242 | D:9      | Found a sparkling altar of Nemelex Xobeh.
  7682 | D:9      | Reached skill level 16 in Axes
  7891 | D:10     | Entered Level 10 of the Dungeon
  7923 | D:10     | Noticed a two-headed ogre
  7929 | D:10     | Killed a two-headed ogre
  8087 | D:10     | Noticed Harold
  8102 | D:10     | Killed Harold
  8247 | D:10     | Reached skill level 10 in Fighting
  8398 | D:11     | Noticed a brown ugly thing
  8407 | D:11     | Killed a brown ugly thing
  8408 | D:11     | Reached XP level 12. HP: 101/106 MP: 11/11
  8435 | D:11     | Reached skill level 17 in Axes
  8491 | D:11     | Noticed a boulder beetle
  8499 | D:11     | Killed a boulder beetle
  8500 | D:11     | Reached skill level 10 in Armour
  8615 | D:11     | Noticed a boulder beetle
  8634 | D:11     | Killed a boulder beetle
  8641 | D:11     | Found a staircase to the Lair.
  9065 | Lair:1   | Entered Level 1 of the Lair of Beasts
  9337 | Lair:1   | Reached skill level 18 in Axes
  9532 | Lair:1   | Reached skill level 10 in Dodging
  9980 | Lair:2   | Noticed an eight-headed hydra
  9994 | Lair:2   | Killed an eight-headed hydra
 10180 | Lair:2   | Noticed a five-headed hydra
 10195 | Lair:2   | Killed a five-headed hydra
 10249 | Lair:2   | Noticed a four-headed hydra
 10255 | Lair:2   | Reached ****** piety under Trog
 10265 | Lair:2   | Killed a four-headed hydra
 10265 | Lair:2   | Received a gift from Trog
 10295 | Lair:2   | Reached XP level 13. HP: 117/117 MP: 12/12
 10366 | Lair:2   | Reached skill level 19 in Axes
 11252 | Lair:3   | Found a staircase to the Snake Pit.
 12543 | Lair:4   | Reached skill level 20 in Axes
 12653 | Lair:4   | Found a staircase to the Slime Pits.
 12653 | Lair:4   | Found a viscous altar of Jiyva.
 12891 | Lair:5   | Entered Level 5 of the Lair of Beasts
 13173 | Lair:5   | Received a gift from Trog
 13283 | Lair:5   | Reached XP level 14. HP: 129/129 MP: 13/13
 13442 | Lair:5   | Found a runed translucent door.
 13443 | Lair:5   | Noticed bahustanut's ghost (adept FoFi)
 13477 | Lair:5   | Killed bahustanut's ghost
 13478 | Lair:5   | Reached skill level 21 in Axes
 13524 | Lair:5   | Identified the +2 robe "Omutwega" {rPois rN+ Dex+3}
 14314 | D:12     | Found a transporter.
 14335 | D:12     | Found a transporter.
 14492 | D:12     | Found a staircase to the Orcish Mines.
 14539 | D:12     | Found Uttile's Specific Store.
 14541 | D:12     | Found Zigiliez's General Store.
 14545 | D:12     | Bought a +2 plate armour of poison resistance for 481 gold
                  | pieces
 14904 | D:13     | Received a gift from Trog
 14973 | D:13     | Noticed Lodul
 14985 | D:13     | Killed Lodul
 15031 | D:13     | Found a frozen archway.
 15058 | IceCv    | Entered an ice cave
 15320 | IceCv    | Noticed a frost giant
 15349 | IceCv    | Killed a frost giant
 15350 | IceCv    | Received a gift from Trog
 15689 | D:13     | Noticed Maurice
 15696 | D:13     | Killed Maurice
 15730 | D:13     | Reached XP level 15. HP: 139/139 MP: 14/14
 15747 | D:13     | Reached skill level 15 in Fighting
 15790 | D:13     | Found an opulent altar of Gozag.
 16038 | D:13     | Identified the ring "Ezav Vuexzo" {+Blink rF+ Str+8 SInv
                  | Stlth-}
 16070 | D:13     | Identified the ring of the Scarab {rPois Dex+6 Stlth+}
 16079 | D:13     | Identified the ring of Wikorghe {Fly Str-5 Dex+6 SInv}
 16083 | D:13     | Identified the ring "Kionkira" {Ice Int+5}
 16279 | D:13     | Reached skill level 15 in Armour
 16466 | Orc:1    | Entered Level 1 of the Orcish Mines
 16492 | Orc:1    | Noticed Nergalle
 16504 | Orc:1    | Killed Nergalle
 16751 | Orc:1    | Found a dark tunnel.
 16759 | Volcano  | Entered a volcano
 16768 | Volcano  | Received a gift from Trog
 16821 | Abyss:2  | Cast into level 2 of the Abyss (a wizard)
 16875 | Volcano  | Escaped the Abyss
 16884 | Volcano  | Reached skill level 5 in Throwing
 17244 | Orc:2    | Entered Level 2 of the Orcish Mines
 17244 | Orc:2    | Found a staircase to the Elven Halls.
 17386 | Orc:2    | Found a gate leading to a gauntlet.
 17394 | Gauntlet | Entered a Gauntlet
 17394 | Gauntlet | Found a transporter.
 17401 | Gauntlet | Found a transporter.
 17404 | Gauntlet | Found a transporter.
 17414 | Gauntlet | Found a transporter.
 17418 | Gauntlet | Found a transporter.
 17426 | Gauntlet | Found a transporter.
 17430 | Gauntlet | Found a transporter.
 17439 | Gauntlet | Found a transporter.
 17442 | Gauntlet | Found a transporter.
 17450 | Gauntlet | Found a transporter.
 17473 | Gauntlet | Found a transporter.
 17485 | Gauntlet | Found a transporter.
 17497 | Gauntlet | Found a transporter.
 17509 | Gauntlet | Found a transporter.
 17828 | Gauntlet | Reached skill level 22 in Axes
 18005 | Gauntlet | Reached skill level 5 in Evocations
 18017 | Gauntlet | Identified the ring "Wirec" {Fire Will++ Slay-2}
 18046 | Gauntlet | Gained mutation: Potions are less effective at restoring
                  | your health. [a neqoxec]
 18049 | Gauntlet | Gained mutation: You occasionally lose the ability to drink
                  | potions when taking damage. [a neqoxec]
 18171 | Gauntlet | Identified the +7 sling of the Twisting Madman {freeze,
                  | Dex+3}
 18179 | Gauntlet | Identified the staff "Jellybane" {rF+ rCorr Fire}
 18275 | Orc:1    | Noticed Erolcha
 18280 | Orc:1    | Killed Erolcha
 18397 | Orc:2    | Received a gift from Trog
 18799 | Orc:1    | Lost mutation: You occasionally lose the ability to drink
                  | potions when taking damage. [potion of mutation]
 18799 | Orc:1    | Lost mutation: Potions are less effective at restoring your
                  | health. [potion of mutation]
 18799 | Orc:1    | Gained mutation: Your spells are a little harder to cast,
                  | but a little more powerful. [potion of mutation]
 18799 | Orc:1    | Gained mutation: Your spells are harder to cast, but more
                  | powerful. [potion of mutation]
 18799 | Orc:1    | Lost mutation: Your spells are harder to cast, but more
                  | powerful. [potion of mutation]
 18853 | Orc:2    | Noticed Jorgrun
 18871 | Orc:2    | Killed Jorgrun
 19033 | Orc:2    | Received a gift from Trog
 19054 | Orc:2    | Found Zedwa's Antique Armour Boutique.
 19099 | Orc:2    | Found Apsiruwk's General Store.
 19100 | Orc:2    | Found Fytuf's Book Boutique.
 19101 | Orc:2    | Found Voymuurudd's Antique Weapon Shop.
 19115 | Orc:2    | Bought a scroll of identify for 20 gold pieces
 19474 | D:14     | Found a white marble altar of Elyvilon.
 19753 | D:14     | Reached XP level 16. HP: 130/152 MP: 15/15
 19902 | D:14     | Found a gate to the Vaults.
 20205 | D:15     | Entered Level 15 of the Dungeon
 20395 | D:15     | Found Usifoes's Assorted Antiques.
 20593 | D:15     | Found a staircase to the Depths.
 21034 | Snake:1  | Entered Level 1 of the Snake Pit
 21042 | Snake:1  | Found Ihisopo's Armour Shoppe.
 21059 | Snake:1  | Bought a +0 pair of gloves of dexterity for 195 gold pieces
 21291 | Snake:1  | Found Arrol's Jewellery Boutique.
 21292 | Snake:1  | Found Maqil's Merry Market.
 21295 | Snake:1  | Bought an amulet of reflection for 450 gold pieces
 21343 | Snake:1  | Reached skill level 23 in Axes
 23133 | Snake:3  | Reached skill level 15 in Dodging
 23172 | Snake:3  | Received a gift from Trog
 24062 | Snake:3  | Reached XP level 17. HP: 165/165 MP: 16/16
 24300 | Snake:4  | Entered Level 4 of the Snake Pit
 24925 | Snake:4  | HP: 2/166 [poisoned by a naga mage (bolt of poison)]
 25287 | Snake:4  | Received a gift from Trog
 26027 | Snake:4  | Reached skill level 24 in Axes
 26802 | Snake:4  | Received a gift from Trog
 27055 | Snake:4  | Got a serpentine rune of Zot
 27255 | Shoals:1 | Entered Level 1 of the Shoals
 27410 | Shoals:2 | Identified the +10 lajatang of the Enchanting Vulture
                  | {freeze, rPois}
 27686 | Shoals:1 | Found a bloodstained altar of Trog.
 27686 | Shoals:1 | Noticed Shayle's ghost (journeyman OgHs)
 27690 | Shoals:1 | Found a transporter.
 27733 | Shoals:1 | Found a transporter.
 27810 | Shoals:1 | Killed Shayle's ghost
 28053 | Shoals:1 | Identified the +1 quarterstaff of Contradiction {heavy, rC-
                  | Str+7 Dex+3}
 28300 | Shoals:1 | Reached XP level 18. HP: 103/178 MP: 17/17
 28557 | Shoals:1 | Received a gift from Trog
 29058 | Shoals:2 | Noticed Donald
 29065 | Shoals:2 | Found Rexinu's Distillery.
 29452 | Shoals:2 | Killed Donald
 29468 | Shoals:2 | Bought 3 potions of heal wounds for 195 gold pieces
 29468 | Shoals:2 | Bought a potion of heal wounds for 65 gold pieces
 29468 | Shoals:2 | Bought a potion of haste for 130 gold pieces
 30188 | Shoals:3 | Reached skill level 25 in Axes
 30441 | Shoals:3 | Noticed Polyphemus
 30454 | Shoals:3 | Killed Polyphemus
 30509 | Shoals:3 | Identified the amulet "Haadoop" {Rampage rElec rF- Regen+
                  | rCorr Slay+3}
 30576 | Shoals:3 | Received a gift from Trog
 31289 | Shoals:4 | Entered Level 4 of the Shoals
 31961 | Shoals:4 | Noticed Roxanne
 32138 | Shoals:4 | Identified the +2 rapier of Mourning {holy, *Slow rElec
                  | Dex+2 SInv}
 32208 | Shoals:4 | Got a barnacled rune of Zot
 32510 | Vaults:1 | Entered Level 1 of the Vaults
 32759 | Vaults:1 | HP: 7/182 [entropy weaver (8)]
 33789 | Vaults:1 | Reached XP level 19. HP: 146/189 MP: 18/18
 34170 | Vaults:1 | Paralysed by a formless jellyfish for 1 turns
 34174 | Vaults:1 | HP: 9/190 [ironbound thunderhulk/+1 dire flail of draining
                  | (39)]
 34174 | Vaults:1 | Slain by an ironbound thunderhulk

Illustrated notes

Levels and vault maps discovered:
D:1:      shiori_arrival_maze, layout_basic
D:2:      layout_rooms, minmay_misc_feat_chi, grunt_ministairs_11,
          nicolae_kite_square_tiling_tiny, amethyst_killhole, uniq_natasha
D:3:      layout_basic, mainiacjoe_overflow_catwalk, cheibrodos_gnoll_hut,
          uniq_grinder, uniq_ijyb, uniq_terence
D:4:      layout_basic, serial_glass, glass_columns_a, glass_columns_c,
          minmay_fractal_squares_diagonal_5, uniq_crazy_yiuf_cottage
D:5:      layout_layer_cave, lightli_church_of_beogh
D:6:      layout_loops_corners, minitemple, minmay_temple_entry_trees,
          cheibrodos_sewer_entry_drain, uniq_eustachio, uniq_duvessa
D:7:      layout_cave_pools, enter_bailey_3, uniq_prince_ribbit1, uniq_menkaure,
          uniq_jeremiah
D:8:      layout_loops_ring, uniq_erica, uniq_amaemon, uniq_pikel
D:9:      layout_basic, kennysheep_mini
D:10:     layout_gridville, kennysheep_generic_room_9, uniq_harold
D:11:     layout_irregular_city, hellmonk_lair_entry_icy
D:12:     gammafunk_wand_slinger, layout_basic, minmay_orc_entry_temple_small,
          nicolae_specific_store
D:13:     minmay_the_grid_triangle_9x9_rhombus_thin
          [minmay_the_grid_triangle_9x9_corrupted_corridor,
          minmay_the_grid_triangle_9x9_prize_special,
          minmay_the_grid_triangle_9x9_from_above,
          minmay_the_grid_triangle_9x9_checkered], layout_loops_ring,
          portal_ice_cave_entry_pillars_1, grunt_gozag_statues, uniq_maurice,
          uniq_lodul
D:14:     layout_long_grid, grunt_vaults_entry_tiered,
          minmay_stone_trees_medium, nicolae_elyvilon_temple_path
D:15:     gammafunk_enter_depths_forms, layout_rooms, hangedman_decor_push,
          serial_shops, nicolae_shop_getting_attention
Lair:1:   layout_regular_city
Lair:2:   layout_cave_shapes, nicolae_shoals_entry_flooding,
          minmay_lair_oklob_items, wad_woods_river_01, serial_bayou_shore_b
Lair:3:   layout_regular_city, guppyfry_snake_entry_island
Lair:4:   layout_cave_shapes, nicolae_slime_entry_slimehenge, lemuel_fruit_tree
Lair:5:   grunt_lair_end_beastmaster, layout_gridlike, gammafunk_ghost_grave
Shoals:1: layout_shoals, gammafunk_ghost_wrathful_warriors
Shoals:2: layout_shoals, serial_shops, nicolae_shop_tiny_glass, uniq_donald
Shoals:3: layout_shoals, uniq_polyphemus
Shoals:4: shoals_end_hangedman, layout_shoals, uniq_roxanne
Snake:1:  layout_chambers, serial_shops, nicolae_shop_peninsula,
          minmay_shop_enchanted_jewellery, nicolae_alphabet_shops,
          grunt_megastairs_4
Snake:2:  layout_misc_corridors
Snake:3:  hangedman_cross_stitches, layout_misc_corridors,
          nicolae_coiled_stairwell_up, grunt_megastairs_2
Snake:4:  snake_pit, layout_onion_interference, nicolae_snake_gridmaze_tees,
          nicolae_snake_round_shape_thing, corexii_hall_statues_x
Orc:1:    layout_caves, lightli_volcano_entry_magma_tube, uniq_nergalle,
          uniq_erolcha
Orc:2:    st_orc_congregation, layout_caves, gauntlet_entry_generic,
          uniq_jorgrun
Vaults:1: ontoclasm_vaults_idyll, nicolae_vaults_storage_room_water,
          v_alt_pattern_5, nicolae_vaults_little_squares_2,
          nicolae_vaults_arrows, vaults_mumra_minichess_inversion,
          nicolae_vaults_cochlea, vaults_room_fancy_cross,
          layout_vaults_omnigrid, nicolae_trove_entry_free_sample

Skill      XL: |  1  2  3  4  5  6  7  8  9 10 11 12 13 14 15 16 17 18 |
---------------+-------------------------------------------------------+-----
Axes           | 4 5 6 7 9 11 13 14 15 16 18 20 21 22 23 24 25 | 25.8
Fighting       | 4 7 8 10 11 13 14 16 18 19 21 | 21.4
Armour         | 4 6 8 9 11 13 14 15 16 17 18 | 18.4
Dodging        | 3 5 7 8 10 12 13 14 15 16 | 16.8
Throwing       | 2 4 6 |  6.0
Evocations     | 1 4 5 7 8 9 |  9.9

Action                     |  1- 3 |  4- 6 |  7- 9 | 10-12 | 13-15 | 16-18 | 19-21 || total
---------------------------+-------+-------+-------+-------+-------+-------+-------++-------
  Melee: Hand axe          |    90 |    70 |    15 |       |       |       |       ||   175
         Headbutt          |    10 |    13 |    45 |   111 |   235 |   251 |    13 ||   678
         Punch             |     2 |     1 |     2 |     7 |     6 |       |       ||    18
         War axe           |       |    16 |   283 |   467 |   257 |       |       ||  1023
         Trident           |       |       |       |    22 |    27 |       |       ||    49
         Battleaxe         |       |       |       |       |   763 |       |       ||   763
         Executioner's axe |       |       |       |       |    28 |  1076 |    27 ||  1131
         Broad axe         |       |       |       |       |       |     8 |       ||     8
  Throw: Boomerang         |       |       |       |    10 |     6 |    14 |       ||    30
 Invoke: Berserk           |     2 |     1 |     4 |     4 |     3 |     3 |       ||    17
         Brothers in Arms  |       |       |     1 |     1 |     1 |    10 |       ||    13
         Trog's Hand       |       |       |       |       |     2 |     4 |       ||     6
    Use: Scroll            |       |       |    19 |     6 |     5 |     8 |     1 ||    39
         Potion            |       |       |       |       |     3 |     6 |       ||     9
   Stab: Confused          |       |       |       |       |       |     2 |       ||     2
         Distracted        |       |       |       |       |       |     1 |       ||     1
 Armour: Animal skin       |    15 |       |       |       |       |       |       ||    15
         Scale mail        |    31 |    16 |       |       |       |       |       ||    47
         Chain mail        |       |    33 |    27 |   157 |   284 |       |       ||   501
         Plate armour      |       |       |   226 |   177 |   453 |   841 |    28 ||  1725
  Dodge: Dodged            |    57 |    38 |    97 |   188 |   505 |   649 |    17 ||  1551
  Block: Other             |       |       |       |       |       |   202 |     6 ||   208
         Reflection        |       |       |       |       |       |    16 |     1 ||    17

Table legend: (Time is in decaauts)
 A = Elapsed time spent in this place.
 B = Non-inter-level travel time spent in this place.
 C = Inter-level travel time spent in this place.
 D = Time resting spent in this place.
 E = Time spent auto-exploring this place.
 F = Levels seen in this place.
 G = Mean time per level.
                   A        B        C        D        E       F      G
               +--------+--------+--------+--------+--------+-----+--------+
         Total |  33628 |  32028 |   1600 |   4579 |  14782 |  37 |  908.9 |
       Dungeon |  11802 |  11106 |    696 |    364 |   7280 |  15 |  786.8 |
          Lair |   5251 |   4831 |    420 |    153 |   2819 |   5 | 1050.2 |
        Shoals |   5016 |   4854 |    162 |   1382 |   1722 |   4 | 1254.0 |
     Snake Pit |   6057 |   5795 |    262 |   1521 |   2279 |   4 | 1514.2 |
  Orcish Mines |   1569 |   1512 |     57 |    108 |    303 |   2 |  784.5 |
        Vaults |   1620 |   1620 |      0 |    787 |    119 |   1 | 1620.0 |
         Abyss |     53 |     53 |      0 |      0 |      0 |   1 |   53.0 |
         Sewer |    261 |    261 |      0 |      0 |     42 |   1 |  261.0 |
        Bailey |    383 |    383 |      0 |      5 |     20 |   1 |  383.0 |
      Ice Cave |    555 |    555 |      0 |     37 |    122 |   1 |  555.0 |
       Volcano |    265 |    265 |      0 |      0 |     74 |   1 |  265.0 |
      Gauntlet |    793 |    793 |      0 |    219 |      0 |   1 |  793.0 |
               +--------+--------+--------+--------+--------+-----+--------+

Top non-repeatable levels by time:
 Snake:4: 2756 daAuts
Vaults:1: 1620 daAuts
Shoals:1: 1525 daAuts
 Snake:1: 1316 daAuts
Shoals:3: 1277 daAuts
  Lair:2: 1273 daAuts
Shoals:2: 1256 daAuts
  Lair:5: 1216 daAuts
 Snake:3: 1178 daAuts
     D:4: 1090 daAuts
     D:9: 1075 daAuts
    D:13: 1013 daAuts
Shoals:4: 957 daAuts
    D:14: 955 daAuts
  Lair:3: 955 daAuts
